Map: Port Aleksander LE

Players

Ragnarokette - Winner!

  • Race: Zerg Zerg
  • League: Diamond
  • Spawn Location: 11:00

AibaAinaDesu

  • Race: Zerg Zerg
  • Spawn Location: 5:00

VOD

Have the link to the VOD?

Description

Time

  • Played on: March 9, 2019, 3:01 p.m.
  • Length: 9:05
Show
View Real Time Build Order
Export as new Build Order

Ragnarokette Zerg - Winner!

Build Orders: 1 Base Baneling Bust, Pool First 

Get SALT Encoding   

  12  0:01  Drone  
  13  0:15  Extractor  
  12  0:25  Spawning Pool  
  11  0:29  Drone  
  11  0:34  Drone  
  13  0:40  Drone  
  14  0:51  Overlord  
  14  1:13  Zergling x6  
  14  1:17  Metabolic Boost  
  17  1:25  Zergling x2  
  18  1:36  Baneling Nest  
  18  1:37  Zergling x2  
  18  1:46  Zergling x2  
  19  1:56  Queen  
  21  2:06  Zergling x2  
  22  2:16  Overlord  
  22  2:20  Baneling x2  
  22  2:34  Zergling x4  
  23  3:02  Zergling x6  
  24  3:10  Drone x3  
  23  3:24  Drone  
  24  3:32  Drone  
  25  3:39  Baneling x2  
  25  3:43  Drone  
  25  3:46  Hatchery  
  25  3:54  Drone x2  
  25  3:55  Drone  
  24  4:10  Zergling x2  
  24  4:17  Roach Warren  
  23  4:18  Zergling x4  
  23  4:20  Zergling x2  
  26  4:33  Baneling x2  
  26  4:35  Overlord  
  26  4:39  Lair  
  26  4:43  Drone  
  27  4:46  Drone  
  30  5:00  Drone x4  
  31  5:15  Drone x2, Queen  
  35  5:26  Drone x3  
  35  5:28  Evolution Chamber, Drone  
  38  5:31  Drone  
  39  5:36  Overlord  
  39  5:41  Extractor  
  38  5:43  Drone x3  
  41  5:54  Glial Reconstitution  
  41  5:56  Zerg Missile Weapons Level 1  
  41  5:59  Overlord  
  41  6:03  Roach x2  
  45  6:07  Roach  
  47  6:18  Roach x4  
  55  6:26  Roach x2  
  55  6:29  Overlord  
  59  6:43  Overlord  
  59  6:47  Queen  
  61  6:55  Overlord  
  61  6:57  Roach x3  
  61  6:58  Overlord  
  67  7:06  Roach x4  
  75  7:11  Overlord  
  77  7:22  Roach  
  77  7:23  Roach x3  
  77  7:25  Roach  
  77  7:29  Roach  
  87  7:36  Overlord  
  87  7:43  Overlord  
  86  7:51  Roach  
  86  7:52  Roach x4  
  94  8:07  Roach x5  
  98  8:19  Roach x4  
  102  8:23  Roach  
  103  8:35  Roach x2  
Show
View Real Time Build Order
Export as new Build Order

AibaAinaDesu Zerg 

Build Orders: Pool First 

Get SALT Encoding   

  12  0:01  Drone  
  13  0:12  Drone  
  14  0:24  Overlord  
  14  0:27  Extractor x2  
  14  0:28  Drone  
  13  0:30  Drone  
  16  0:43  Drone  
  16  0:49  Spawning Pool  
  16  0:51  Drone  
  17  1:13  Hatchery  
  17  1:17  Extractor  
  16  1:18  Drone  
  16  1:22  Drone  
  17  1:36  Drone x2  
  19  1:43  Overlord  
  19  1:55  Drone  
  20  2:09  Evolution Chamber  
  20  2:10  Drone  
  20  2:19  Zergling x2  
  21  2:26  Spine Crawler  
  21  2:27  Queen, Spine Crawler  
  21  2:29  Zergling x4  
  23  2:38  Zergling x4  
  25  2:56  Zergling x4  
  13  3:07  Drone  
  13  3:21  Drone  
  14  3:34  Baneling Nest  
  13  3:35  Drone  
  14  3:42  Drone  
  14  3:47  Drone x3  
  19  3:56  Drone  
  20  4:09  Drone  
  20  4:15  Drone x3  
  23  4:32  Hatchery  
  22  4:38  Zerg Missile Weapons Level 1  
  22  4:41  Drone  
  22  4:45  Drone  
  24  4:49  Drone  
  25  5:08  Zergling x6  
  25  5:12  Roach Warren  
  26  5:19  Overlord  
  26  5:27  Queen  
  28  5:30  Overlord  
  28  5:40  Drone x3  
  31  5:57  Drone  
  31  5:58  Drone x2  
  31  5:59  Drone  
  31  6:04  Lair  
  35  6:12  Extractor  
  34  6:18  Overlord  
  34  6:31  Drone x3  
  37  6:41  Queen  
  39  6:53  Overlord  
  39  7:02  Nydus Network  
  39  7:03  Roach x3  
  39  7:04  Roach x2  
  48  7:12  Roach x2  
  48  7:13  Roach  
  54  7:16  Roach  
  56  7:25  Roach x2  
  56  7:27  Roach  
  62  7:35  Overlord  
  62  7:39  Nydus Canal  
  62  7:41  Drone x2  
  64  7:49  Drone  
  64  7:50  Drone x2  
  67  7:53  Nydus Canal  
  67  8:05  Roach  
  66  8:06  Roach x3  
  59  8:17  Roach  
  59  8:18  Roach x2  
  53  8:24  Roach  
  46  8:42  Roach x2  
Tags
 
Add a new tag
Caveats
  • Supply blocks, unpowered buildings, or Contaminate may cause inaccurate times.
  • Supply counts are checked every 10 seconds.